 Dungeon Crawl Stone Soup version 0.28.0-53-g5a82cb258f (webtiles) character file.

Game seed: 14485777820544551655

189692 Infinimo the Slayer (level 18, -19/215 HPs)
             Began as an Ogre Berserker on June 4, 2022.
             Was the Champion of Trog.
             Demolished by a hell knight
             ... wielding a +4 demon blade
             ... led by Margery
              (27 damage)
             ... on level 3 of the Depths.
             The game lasted 00:45:19 (35564 turns).

Infinimo the Slayer (Ogre Berserker)               Turns: 35564, Time: 00:45:19

Health: -19/215    AC: 16    Str: 32    XL:     18   Next: 59%
Magic:  18/18      EV: 32    Int:  8    God:    Trog [******]
Gold:   1891       SH:  0    Dex: 14    Spells: 17/17 levels left

rFire   . . .      SeeInvis .   G - +9 giant spiked club (spect)
rCold   + . .      Faith    .   (shield currently unavailable)
rNeg    . . .      Spirit   .   S - +2 troll leather armour
rPois   .          Reflect  .   (helmet restricted)
rElec   .          Harm     .   d - +4 cloak of Fedhas's Displeasure {+Inv Will++ Dex+6}
rCorr   .          Rampage  .   (gloves unavailable)
Will    +++..                   (boots unavailable)
Stlth   +.........              E - amulet of the acrobat
HPRegen 1.25/turn               H - +4 ring of protection
MPRegen 0.16/turn               A - ring of protection from cold

@: about to teleport, on berserk cooldown, acrobatic, slowed, studying Polearms,
very slow
A: large, unfitting armour, tough skin 1
a: Renounce Religion, Evoke Invisibility, Berserk, Trog's Hand, Brothers in Arms


You were on level 3 of the Depths.
You worshipped Trog.
Trog was exalted by your worship.
You visited 4 branches of the dungeon, and saw 26 of its levels.
You also visited: Bailey.

You collected 3214 gold pieces.
You spent 1323 gold pieces at shops.

Inventory:

Hand Weapons
 G - a +9 spectral giant spiked club (weapon)
 N - a +7 vorpal giant spiked club
Missiles
 b - 6 throwing nets (quivered)
 I - 68 large rocks
Armour
 d - the +4 cloak of Fedhas's Displeasure (worn) {+Inv Will++ Dex+6}
   (You acquired it on level 8 of the Dungeon)

   Dex:       It affects your dexterity (+6).
   +Inv:      It lets you turn invisible.
   Will:      It greatly increases your willpower.
 S - a +2 troll leather armour (worn)
Jewellery
 k - an amulet of guardian spirit
 m - an amulet of regeneration
 z - a ring of positive energy
 A - a ring of protection from cold (right hand)
 C - a ring of see invisible
 E - an amulet of the acrobat (around neck)
 H - a +4 ring of protection (left hand)
 L - a ring of protection from cold
 P - a ring of magical power
 Q - the ring of Yfar {rC+ EV+4 Str+9}
   (You took it off a spriggan air mage on level 1 of the Depths)

   [ring of evasion]

   EV:        It affects your evasion (+4).
   Str:       It affects your strength (+9).
   rC:        It protects you from cold.
Wands
 r - a wand of charming (14)
 s - a wand of flame (31)
 y - a wand of paralysis (13)
 B - a wand of acid (11)
 J - a wand of iceblast (17)
 O - a wand of polymorph (5)
Scrolls
 f - a scroll of teleportation
 h - 4 scrolls of fog
 i - 6 scrolls of noise
 o - 4 scrolls of blinking
 u - 4 scrolls of enchant armour
 v - 3 scrolls of identify
 D - 3 scrolls of amnesia
 K - 2 scrolls of silence
 R - a scroll of summoning
Potions
 c - 2 potions of heal wounds
 e - a potion of haste
 g - a potion of magic {unknown}
 j - a potion of degeneration
 l - 9 potions of curing
 n - 5 potions of attraction
 p - 2 potions of berserk rage
 q - 3 potions of cancellation
 t - 4 potions of flight
 w - 2 potions of ambrosia
 x - 3 potions of lignification
 F - 6 potions of brilliance
 M - 3 potions of might


   Skills:
 + Level 21.5 Fighting
 * Level 21.4 Maces & Flails
 + Level 15.7 Dodging


You had 17 spell levels left.
You didn't know any spells.
Your spell library was empty.

Dungeon Overview and Level Annotations

Branches:
Dungeon (15/15) Temple (0/1) D:7 Lair (6/6) D:8 Swamp (0/4) Lair:4 Snake (0/4) Lair:4 Slime (0/5) Lair:6 Orc (2/2) D:12 Elf (0/3) Orc:2 Vaults (0/5) D:12 D:13 Depths (3/4) D:15 Bailey (visited)

Altars:
Elyvilon
Makhleb
Uskayaw
Wu Jian
Jiyva

Shops:
D:1 =   D:11 [   Orc:2 :(*[   Depths:1 :[(*

Portals:
Abyss: Depths:1 Depths:3
Pandemonium: Depths:2

Annotations:
Depths:1 exclusion: reaper


Innate Abilities, Weirdness & Mutations

You are too large for most types of armour.
You have tough skin. (AC +1)


Message History

* * * LOW HITPOINT WARNING * * *
The hell knight closely misses you. x2
The hell knight hits you but does no damage.
The hell knight hits your ogre with a +4 demon blade!!
Your ogre hits the hell knight with a +0 giant spiked club!
Your ogre barely misses the hell knight.
The hell knight misses you.
Your ogre hits the hell knight with a +0 giant spiked club!
The hell knight completely misses you.
The hell knight hits your ogre with a +4 demon blade!!
Your ogre dies!
Your ogre's corpse disappears in a puff of smoke!
The hell knight barely misses you.
There is a stone staircase leading up, spattered with blood here.
Unknown command.
As you read the scroll of teleportation, it crumbles to dust.
You feel strangely unstable.
The hell knight points at you and mumbles some strange words.
The bolt of fire hits you!
* * * LOW HITPOINT WARNING * * *
The hell knight hits you with a +0 broad axe.
* * * LOW HITPOINT WARNING * * *
The hell knight hits you with a +4 demon blade.
* * * LOW HITPOINT WARNING * * *
The hell knight casts a spell at you. The bolt of fire hits you!!
* * * LOW HITPOINT WARNING * * *
The hell knight closely misses you.
Unknown command.
You feel much better.
The hell knight hits you with a +4 demon blade!!
* * * LOW HITPOINT WARNING * * *
The hell knight hits you but does no damage.
The hell knight hits you with a +4 demon blade.
* * * LOW HITPOINT WARNING * * *
The hell knight hits you with a +0 broad axe!
* * * LOW HITPOINT WARNING * * *
Okay, then.
The hell knight hits you with a +4 demon blade!!
You die...

## ########### #.
#.........# #.
#########.####.##.# #.
#........<.....##.# #.
#.#######.####.##.####.
#..######.# #.........
##.#).@##.# ####.#####
#####'#.pp##'#######+#####
#.....#...#...............
#.....##..##...........>..
#......#...#...<...#'##...
#......#...##....###).#(..
#.....?##Z..#...##..8.'...
#.......#...##.##...).#...
#.......##...###....###...


You could see 2 hell knights and Margery the human simulacrum.

Vanquished Creatures
  Mara (Depths:1)
  Margery (Depths:3)
  A golden dragon (Depths:3)
  2 tentacled monstrosities (Depths:2)
  A walking crystal tome (Depths:3)
  2 liches
  A sphinx (Depths:3)
  2 tengu reavers (Depths:1)
  2 storm dragons (Depths:3)
  An orc warlord (Orc:2)
  A fire giant (Depths:2)
  3 frost giants (Depths:3)
  3 spriggan defenders
  7 very ugly things
  Nessos (D:13)
  11 stone giants
  3 vampire knights
  A spark wasp (shapeshifter) (Depths:2)
  Snorg (Lair:5)
  6 ettins
  A spark wasp (Depths:2)
  8 fire dragons
  Harold (Lair:1)
  2 great orbs of eyes
  3 ice dragons
  3 spriggan air magi
  The ghost of Liimbo the Fighter, a journeyman FoWn of Cheibriados (D:13)
  10 hydras
  A rakshasa (Depths:1)
  6 boulder beetles
  A catoblepas (Lair:5)
  An ogre mage (Orc:2)
  9 two-headed ogres
  A merfolk avatar (Lair:6)
  Erica (D:8)
  5 centaur warriors
  2 deep troll shamans
  The ghost of slugheadthewise the Ducker, a novice DrBe of Trog (D:8)
  A death yak (D:14)
  9 tengu warriors
  A deep troll earth mage (Depths:2)
  A vampire mage (Depths:1)
  5 orc high priests
  Urug (D:13)
  3 spriggan berserkers
  4 spriggans (Depths:2)
  4 sun demons
  5 soul eaters
  2 hell knights (Depths:3)
  A fire crab (shapeshifter) (D:8)
  A sixfirhy (Depths:2)
  An iron troll (Depths:2)
  4 skeletal warriors (D:15)
  4 glowing orange brains
  7 deep trolls (Depths:2)
  An orb spider (shapeshifter) (Depths:2)
  A flayed ghost (Depths:2)
  Pikel (D:4)
  A spriggan simulacrum (Depths:3)
  2 harpies (Lair:6)
  2 phantasmal warriors (Depths:2)
  4 orc knights
  A deep elf pyromancer (D:15)
  3 necromancers (Depths:3)
  A sphinx skeleton (Depths:3)
  A fire giant zombie (Depths:3)
  3 orc sorcerers
  4 manticores
  25 ugly things
  A moth of wrath (shapeshifter) (Depths:2)
  7 elephants
  3 cyclopes
  An elephant (shapeshifter) (D:15)
  Joseph (D:8)
  6 black mambas
  A rust devil (Depths:2)
  6 smoke demons
  2 gargoyles
  A torpor snail (Lair:6)
  A cane toad (shapeshifter) (Depths:2)
  An unseen horror (shapeshifter) (Depths:2)
  18 cane toads
  A hellion (Depths:2)
  A rime drake (Lair:6)
  5 unseen horrors
  A freezing wraith (D:15)
  A red devil (Depths:2)
  An entropy weaver simulacrum (D:14)
  2 hellwings (Depths:2)
  11 komodo dragons
  4 tengu conjurers
  5 trolls
  A hornet (shapeshifter) (Depths:2)
  A merfolk (shapeshifter) (Depths:2)
  2 meliai (shapeshifter) (Depths:2)
  7 polar bears
  A wind drake (Lair:6)
  4 hornets (Depths:2)
  2 tarantellas (shapeshifter)
  3 large abominations (Depths:3)
  2 slime creatures (shapeshifter) (Depths:2)
  26 blink frogs
  A tyrant leech (Lair:6)
  10 slime creatures
  A centaur simulacrum (D:14)
  A vampire (D:13)
  8 water elementals
  A dire elephant simulacrum (D:14)
  The ghost of kalagan the Conjurer, an amateur DECj (D:4)
  A wyvern (shapeshifter) (Depths:2)
  A culicivora (shapeshifter) (Depths:2)
  2 wraiths
  7 wyverns
  2 yaks (shapeshifter)
  A fire bat (shapeshifter) (Depths:2)
  64 yaks
  4 shadows
  15 humans
  A basilisk (shapeshifter) (Depths:2)
  2 fire bats (Depths:1)
  2 chaos spawn
  A redback (shapeshifter) (Depths:2)
  A steam dragon (Lair:6)
  3 minotaur simulacra (D:14)
  7 basilisks
  10 vampire mosquitoes
  5 wargs
  4 swamp worms (Lair:6)
  9 water moccasins
  A floating eye (Depths:3)
  3 ice beasts
  An alligator simulacrum (D:14)
  A hornet zombie (D:4)
  A sky beast (D:6)
  39 orc warriors
  4 black bears
  8 ogres
  3 necrophages
  16 wolves
  10 centaurs
  2 lemures (D:4)
  2 phantoms (D:6)
  8 small abominations (Depths:3)
  12 bullfrogs
  2 deep troll simulacra (D:14)
  2 gnoll sergeants
  A wyvern zombie (D:9)
  A water moccasin skeleton (D:4)
  11 killer bees
  9 electric eels
  2 howler monkeys (D:8)
  9 wights
  7 centaur zombies
  2 centaur skeletons
  3 jellies
  4 hounds
  21 orc priests
  4 iguanas
  22 orc wizards
  7 hell rats
  2 mummies (D:11)
  2 howler monkey zombies (D:9)
  6 adders
  10 gnolls
  A howler monkey skeleton (D:4)
  2 river rats (Lair:4)
  A white imp (D:6)
  An ufetubus (D:5)
  2 dart slugs
  80 orcs
  3 endoplasms
  2 giant cockroaches
  7 goblins
  7 hobgoblins
  16 kobolds
  6 quokkas
  5 ball pythons
  7 bats
  4 frilled lizards
  8 rats
897 creatures vanquished.

Vanquished Creatures (others)
  An orc wizard (D:12)
  2 orcs (D:12)
  45 fungi
  63 plants
111 creatures vanquished.

Grand Total: 1008 creatures vanquished

Notes
Turn   | Place    | Note
-------+----------+-------------------------------------------
     0 | D:1      | Infinimo the Ogre Berserker began the quest for the Orb.
     0 | D:1      | Reached XP level 1. HP: 24/24 MP: 1/1
    16 | D:1      | Found Joomo's Jewellery Emporium.
   296 | D:1      | Reached XP level 2. HP: 32/32 MP: 2/2
  1006 | D:2      | Reached XP level 3. HP: 36/40 MP: 3/3
  1197 | D:2      | Reached ** piety under Trog
  1865 | D:2      | Reached XP level 4. HP: 8/49 MP: 0/4
  2143 | D:2      | Found a faded altar of an unknown god.
  2740 | D:3      | Reached skill level 5 in Fighting
  3129 | D:4      | Reached XP level 5. HP: 57/57 MP: 5/5
  3137 | D:4      | Noticed a black bear
  3146 | D:4      | Killed a black bear
  3222 | D:4      | Reached XP level 6. HP: 48/66 MP: 4/6
  3483 | D:4      | Noticed Pikel
  3597 | D:4      | Killed Pikel
  3598 | D:4      | Reached XP level 7. HP: 40/76 MP: 3/7
  3843 | D:4      | Found a runed translucent gate.
  4236 | D:4      | Found a runed translucent gate.
  4237 | D:4      | Found a runed translucent gate.
  4239 | D:4      | Noticed kalagan's ghost (amateur DECj)
  4405 | D:4      | Killed kalagan's ghost
  4406 | D:4      | Reached XP level 8. HP: 87/87 MP: 3/8
  4409 | D:4      | Reached skill level 5 in Dodging
  4552 | D:5      | Entered Level 5 of the Dungeon
  5339 | D:5      | Reached XP level 9. HP: 97/97 MP: 9/9
  6135 | D:6      | Noticed a troll
  6150 | D:6      | Killed a troll
  7201 | D:7      | Reached *** piety under Trog
  8231 | D:7      | Found a staircase to the Ecumenical Temple.
  8346 | D:7      | Reached XP level 10. HP: 102/110 MP: 8/10
  8703 | D:8      | Noticed an elephant
  8722 | D:8      | Killed an elephant
  8723 | D:8      | Reached skill level 10 in Fighting
  8841 | D:8      | Found a staircase to the Lair.
  9035 | D:8      | Found a runed translucent door.
  9067 | D:8      | Noticed slugheadthewise's ghost (novice DrBe)
  9163 | D:8      | Reached skill level 10 in Maces & Flails
  9283 | D:8      | Noticed Erica
  9709 | D:8      | Noticed a centaur warrior
  9751 | D:8      | Noticed a fire crab
  9764 | D:8      | Killed a fire crab
  9774 | D:8      | Killed a centaur warrior
 10129 | D:8      | Noticed Joseph
 10407 | D:8      | Killed Erica
 10738 | D:8      | Noticed a gargoyle
 10746 | D:8      | Killed a gargoyle
 10747 | D:8      | Reached XP level 11. HP: 120/120 MP: 8/11
 11104 | D:8      | Noticed a two-headed ogre
 11122 | D:8      | Killed a two-headed ogre
 11264 | D:8      | Found a burning altar of Makhleb.
 11292 | D:8      | Killed Joseph
 11697 | D:8      | Killed slugheadthewise's ghost
 11746 | D:8      | Identified a scroll of acquirement
 11746 | D:8      | Acquired the +4 cloak of Fedhas's Displeasure {+Inv Will++
                  | Dex+6}
 12528 | D:9      | Reached **** piety under Trog
 12975 | D:10     | Entered Level 10 of the Dungeon
 13046 | D:10     | Found a flagged portal.
 13068 | Bailey   | Entered a bailey
 13304 | Bailey   | Identified the +2 robe of Context {rF+}
 14143 | D:10     | Reached XP level 12. HP: 133/133 MP: 10/12
 14389 | Lair:1   | Entered Level 1 of the Lair of Beasts
 14693 | Lair:1   | Noticed Harold
 14719 | Lair:1   | Killed Harold
 15165 | Lair:1   | Noticed a six-headed hydra
 15190 | Lair:1   | Killed a six-headed hydra
 15433 | Lair:1   | Identified the +2 leather armour "Xesov" {+Inv rCorr Int+4
                  | Dex-4}
 15806 | Lair:2   | Noticed an eight-headed hydra
 15816 | Lair:2   | Killed an eight-headed hydra
 16341 | Lair:2   | Reached skill level 10 in Dodging
 17678 | Lair:3   | Reached XP level 13. HP: 137/148 MP: 11/13
 18517 | Lair:4   | Found a staircase to the Snake Pit.
 19054 | Lair:4   | Found a staircase to the Swamp.
 20002 | Lair:4   | Reached skill level 15 in Fighting
 20766 | Lair:4   | Acquired a +5 spectral giant spiked club
 20800 | Lair:5   | Reached skill level 15 in Maces & Flails
 20957 | Lair:5   | Noticed Snorg
 20967 | Lair:5   | Killed Snorg
 21227 | Lair:5   | Reached ***** piety under Trog
 21539 | Lair:6   | Entered Level 6 of the Lair of Beasts
 21550 | Lair:5   | Reached XP level 14. HP: 109/161 MP: 14/14
 21692 | Lair:6   | Found a viscous altar of Jiyva.
 21692 | Lair:6   | Found a staircase to the Slime Pits.
 22370 | Lair:6   | Received a gift from Trog
 22375 | Lair:6   | Identified the +7 trident of a wizard's laboratory {vorpal,
                  | rC+}
 23311 | D:11     | Found Curat's Antique Armour Emporium.
 24597 | D:12     | Found a staircase to the Orcish Mines.
 24657 | D:13     | Noticed Urug
 24657 | D:13     | Noticed Nessos
 24657 | D:13     | Found a gate to the Vaults.
 24681 | D:12     | Reached XP level 15. HP: 174/174 MP: 15/15
 25024 | D:13     | Killed Nessos
 25044 | D:13     | Killed Urug
 25178 | D:13     | Found a runed translucent gate.
 25178 | D:13     | Found a runed translucent gate.
 25178 | D:13     | Found a runed translucent gate.
 25179 | D:13     | Noticed Liimbo's ghost (journeyman FoWn)
 25191 | D:13     | Killed Liimbo's ghost
 25298 | D:13     | Found an ornate altar of the Wu Jian Council.
 25580 | D:14     | Found a frozen archway.
 26131 | D:1      | Bought a ring of protection from cold for 275 gold pieces
 26820 | D:14     | Found a white marble altar of Elyvilon.
 26885 | D:14     | Received a gift from Trog
 27534 | D:15     | Entered Level 15 of the Dungeon
 27972 | D:15     | Found a hide-covered altar of Uskayaw.
 28405 | D:15     | Reached XP level 16. HP: 165/188 MP: 16/16
 28475 | D:15     | Found a staircase to the Depths.
 28555 | D:15     | Received a gift from Trog
 28952 | Orc:1    | Entered Level 1 of the Orcish Mines
 29099 | Orc:2    | Entered Level 2 of the Orcish Mines
 29213 | Orc:2    | Found Yschus's Antique Armour Shop.
 29490 | Orc:2    | Found a staircase to the Elven Halls.
 29526 | Orc:2    | Found Hept's Antique Weapon Shop.
 30043 | Orc:2    | Reached ****** piety under Trog
 30149 | Orc:2    | Found Xycwof's General Store.
 30338 | Orc:2    | Found Humu Juf's Book Shoppe.
 30654 | Depths:1 | Entered Level 1 of the Depths
 30705 | Depths:1 | Received a gift from Trog
 30713 | Depths:1 | Noticed a tengu reaver
 30835 | Depths:1 | Killed a tengu reaver
 30963 | Depths:1 | Found Qaquwom's Assorted Antiques.
 30966 | Depths:1 | Found Ugusien's Weapon Boutique.
 30966 | Depths:1 | Found Asuwnal's Antique Armour Shop.
 31011 | Depths:1 | Found Luetzayl's Book Shop.
 31015 | Depths:1 | Bought a scroll of blinking for 225 gold pieces
 31015 | Depths:1 | Bought a scroll of blinking for 225 gold pieces
 31015 | Depths:1 | Bought a scroll of teleportation for 90 gold pieces
 31015 | Depths:1 | Bought a potion of curing for 90 gold pieces
 31024 | Depths:1 | Bought a fading cloak for 418 gold pieces
 31024 | Depths:1 | Identified the +0 cloak "Caar" {Str+4 SInv} (You bought it
                  | in a shop on level 1 of the Depths)
 31168 | Depths:1 | Identified the ring of Yfar {rC+ EV+4 Str+9}
 31513 | Depths:1 | Noticed a tengu reaver
 31531 | Depths:1 | Killed a tengu reaver
 31709 | Depths:1 | Noticed Mara
 31723 | Depths:1 | Killed Mara
 31724 | Depths:1 | Reached XP level 17. HP: 200/200 MP: 17/17
 32393 | Depths:1 | Found a one-way gate to the infinite horrors of the Abyss.
 32567 | Depths:2 | Received a gift from Trog
 32596 | Depths:2 | Noticed a tentacled monstrosity
 32614 | Depths:2 | Killed a tentacled monstrosity
 32785 | Depths:2 | Found a one-way gate leading to the halls of Pandemonium.
 33401 | Depths:2 | Noticed a lich
 33428 | Depths:2 | Killed a lich
 33612 | Depths:2 | Reached skill level 15 in Dodging
 33757 | Depths:2 | Noticed a tentacled monstrosity
 33781 | Depths:2 | Killed a tentacled monstrosity
 34085 | Depths:2 | Received a gift from Trog
 34413 | Depths:3 | Reached XP level 18. HP: 213/213 MP: 18/18
 34482 | Depths:3 | Noticed a golden dragon
 34497 | Depths:3 | Killed a golden dragon
 34643 | Depths:3 | Noticed a lich
 34657 | Depths:3 | Killed a lich
 34705 | Depths:3 | Paralysed by a floating eye for 4 turns
 35091 | Depths:3 | Noticed a walking crystal tome
 35095 | Depths:3 | Killed a walking crystal tome
 35308 | Depths:3 | Noticed a titan
 35517 | Depths:3 | Noticed Margery
 35536 | Depths:3 | Killed Margery
 35563 | Depths:3 | HP: 6/215 [hell knight/+0 broad axe[Margery] (9)]
 35564 | Depths:3 | Demolished by a hell knight

Illustrated notes

Levels and vault maps discovered:
D:1:      dpeg_arrival_tiny_i, layout_basic, serial_shops, shop,
          hangedman_decor_growths
D:2:      layout_basic, dilly_ecumenical_altar_fadedgnrine
D:3:      layout_rooms
D:4:      layout_loops_ring, serial_glass, glass_columns_a, glass_columns_a,
          gammafunk_ghost_necromancy, uniq_pikel
D:5:      layout_loops_ring
D:6:      layout_loops_corners
D:7:      layout_basic, minmay_temple_entry_statues_pillars,
          grunt_decor_mini_mirrors, minmay_misc_feat_five
D:8:      layout_loops_ring, nicolae_overflow_crystal_walls, david_lair_generic,
          lightli_ossuary_entry_decrepit_ruins, gammafunk_ghost_grave,
          chequers_decorated_corner, kb_rosetta, uniq_erica, uniq_joseph
D:9:      layout_roguey, kennysheep_decorative_pillar
D:10:     layout_loops_ring, enter_bailey_6
D:11:     layout_layer_cave, serial_undead, serial_undead_e, serial_undead_f,
          serial_undead_b, serial_undead_f, serial_shops, nicolae_square_shop
D:12:     layout_roguey, erik_orc_2
D:13:     layout_long_grid, david_vaults_3, ebering_ghost_rock_garden,
          serial_bayou_pond_e, nzn_wu_jian_council_hall
D:14:     layout_basic, nicolae_elyvilon_temple_path, serial_ice, serial_ice_c,
          serial_ice_g, serial_ice_h, serial_ice_m, serial_ice_j, serial_ice_b,
          serial_ice_o, portal_ice_cave_entry_ice_simulacra,
          kennysheep_cluttered_room
D:15:     gammafunk_enter_depths_forms, layout_basic, minmay_misc_feat_iff,
          nicolae_uskayaw_en_pointe
Lair:1:   layout_gridlike, chequers_serial_rivers_large_b, uniq_harold
Lair:2:   layout_long_grid, st_stairs_3
Lair:3:   layout_loops_ring
Lair:4:   layout_cave_pods, minmay_swamp_entry_eels,
          minmay_snake_entry_six_corridors, kennysheep_abandoned_house,
          lemuel_fruit_fields, serial_bayou_shore_b
Lair:5:   layout_hall_layers, uniq_snorg, uniq_nessos
Lair:6:   gammafunk_lair_ancient_temple, layout_hall_layers, slime_altar_1,
          worms_lemuel, infiniplex_staircase_pool
Orc:1:    layout_caves, uniq_urug
Orc:2:    grunt_orc_gardens, layout_caves, grunt_orc_garden, grunt_orc_garden,
          grunt_orc_garden, grunt_orc_garden
Depths:1: layout_gridlike, minmay_strange_pillars, hellmouth_2, abyss_entry,
          kennysheep_generic_room_16, minmay_shoptagon, uniq_mara
Depths:2: vault_1, layout_basic, enter_ziggurat_b, nicolae_figureground_sparkle,
          hell_entry, grunt_pan_entry_sceptre
Depths:3: kennysheep_large_vault, layout_gridlike, minmay_misc_feat_columns,
          minmay_room_of_horrors, hell_entry, serial_bayou_shore_b,
          grunt_megastairs_4, uniq_enchantress, uniq_margery

Skill      XL: |  1  2  3  4  5  6  7  8  9 10 11 12 13 14 15 16 17 18 |
---------------+-------------------------------------------------------+-----
Maces & Flails | 3 4 6 7 9 11 12 14 15 17 18 19 20 21 | 21.4
Dodging        | 3 4 5 6 8 9 10 11 12 13 14 15 | 15.7
Fighting       | 5 6 7 8 9 11 12 14 15 17 18 19 20 21 | 21.5

Action                   |  1- 3 |  4- 6 |  7- 9 | 10-12 | 13-15 | 16-18 || total
-------------------------+-------+-------+-------+-------+-------+-------++-------
Melee: Mace              |   116 |    33 |       |       |       |       ||   149
       Punch             |     1 |       |     5 |     2 |       |       ||     8
       Flail             |       |    13 |       |       |       |       ||    13
       Whip              |       |       |   246 |   142 |       |       ||   388
       Morningstar       |       |       |       |   121 |       |       ||   121
       Dire flail        |       |       |       |   366 |   176 |       ||   542
       Giant spiked club |       |       |       |       |   543 |   623 ||  1166
 Fire: Hunting sling     |       |    48 |    84 |    50 |       |       ||   182
Invok: Berserk           |     2 |     3 |     9 |    22 |    19 |    21 ||    76
       Brothers in Arms  |       |       |       |       |       |     1 ||     1
Evoke: Wand              |       |       |       |       |    11 |       ||    11
  Use: Scroll            |     1 |     4 |     4 |     9 |    16 |     8 ||    42
       Potion            |       |       |     1 |     1 |     3 |     7 ||    12
 Stab: Distracted        |       |       |       |       |     3 |     6 ||     9
       Invisible         |       |       |       |       |       |     9 ||     9
Armor: Animal skin       |    31 |    22 |    36 |       |       |       ||    89
       Robe              |       |       |    21 |   122 |    58 |       ||   201
       Troll leather arm |       |       |       |       |   149 |   196 ||   345
Dodge: Dodged            |    58 |    48 |   113 |   298 |   572 |   427 ||  1516
